 Dungeon Crawl Stone Soup version 0.31-a0-1405-g2bb1a01664 (webtiles) character file.

Game seed: 3395186056741949964

12492 jasper the Thaumaturge (level 11, -3/119 HPs)
             Began as an Oni Fire Elementalist on Dec 25, 2023.
             Was an Elder of Vehumet.
             Slain by an unseen horror (10 damage)
             ... on level 11 of the Dungeon.
             The game lasted 00:24:00 (14455 turns).

jasper the Thaumaturge (Oni Fire Elementalist)     Turns: 14455, Time: 00:24:01

Health: -3/119     AC:  5    Str: 14    XL:     11   Next: 94%
Magic:  10/25      EV: 14    Int: 20    God:    Vehumet [****..]
Gold:   265        SH:  0    Dex:  9    Spells: 8/31 levels left

rFire   . . .        j - +3 quarterstaff (spect)
rCold   . . .        (shield currently unavailable)
rNeg    . . .        I - +0 troll leather armour
rPois   .            (helmet restricted)
rElec   .            k - +0 cloak {Stlth+}
rCorr   .            (gloves unavailable)
SInv    .            (boots unavailable)
Will    ++...        (no amulet)
Stlth   ++           v - ring of willpower
HPRegen 1.19/turn    C - +5 ring of evasion
MPRegen 0.19/turn

%: no passive effects
@: about to teleport
A: large, unfitting armour, horns 1, tough skin 1, double potion healing,
drunken brawling
a: Renounce Religion


You were on level 11 of the Dungeon.
You worshipped Vehumet.
Vehumet was greatly pleased with you.
You visited 2 branches of the dungeon, and saw 13 of its levels.

You collected 715 gold pieces.
You spent 450 gold pieces at shops.

Inventory:

Hand Weapons
 i - a +0 club
 j - a +3 spectral quarterstaff (weapon)
 l - a +0 spear
Missiles
 r - a throwing net
Armour
 a - a +1 robe
 k - a +0 cloak of stealth (worn)
 G - a +0 robe of willpower
 H - +0 acid dragon scales
 I - a +0 troll leather armour (worn)
Jewellery
 v - a ring of willpower (left hand)
 x - a ring of protection from cold
 C - a +5 ring of evasion (right hand)
 D - a ring of ice
Wands
 b - a wand of mindburst (10)
 t - a wand of flame (24)
 y - a wand of paralysis (24)
Scrolls
 d - 7 scrolls of teleportation
 n - a scroll of blinking
 u - 5 scrolls of enchant armour
 w - 2 scrolls of amnesia
 A - 2 scrolls of poison
 J - a scroll of silence {unknown}
Potions
 c - 2 potions of brilliance
 e - 5 potions of resistance
 f - 4 potions of enlightenment
 m - a potion of cancellation
 o - 2 potions of haste
 q - a potion of invisibility
 s - 8 potions of curing
 z - 2 potions of mutation
 B - a potion of magic
 E - 2 potions of might
 F - a potion of attraction {unknown}


   Skills:
 + Level 10.7 Fighting
 - Level 1.7 Dodging
 - Level 1.4 Stealth
 + Level 10.7 Spellcasting
 + Level 7.9 Conjurations
 - Level 1.0 Translocations
 - Level 9.3 Fire Magic
 - Level 3.0 Air Magic
 - Level 3.0 Earth Magic
 - Level 1.0 Alchemy


You had 8 spell levels left.
You knew the following spells:

 Your Spells              Type           Power      Damage    Failure   Level
a - Foxfire               Conj/Fire      100%       2x1d9     1%          1
b - Scorch                Fire           94%        2d8       1%          2
c - Volatile Blastmotes   Fire/Tloc      62%        2d15      1%          3
d - Flame Wave            Conj/Fire      45%        2d12      1%          4
e - Swiftness             Air            22%        N/A       7%          3
f - Mephitic Cloud        Conj/Alch/Air  26%        N/A       1%          3
g - Ignite Poison         Fire/Alch      31%        N/A       2%          4
h - Stone Arrow           Conj/Erth      64%        3d11      1%          3

Your spell library contained the following spells:

 Spells                   Type           Power      Damage    Failure   Level
 Lee's Rapid Deconstruct  Erth           11%        3d8*      17%         5
 Shock                    Conj/Air       100%       1d9       1%          1
 Mercury Vapours          Alch/Air       36%        N/A       1%          2
 Inner Flame              Hex/Fire       29%        N/A       1%          3
 Airstrike                Air            11%        2d(2-18)  7%          4
 Sticky Flame             Fire/Alch      31%        2d7       10%         4
 Freezing Cloud           Conj/Ice/Air   12%        6-21      13%         5
 Tukima's Dance           Hex            10%        N/A       24%         3
 Yara's Violent Unravell  Hex/Alch       6%         3d5       41%         5
 Passage of Golubria      Tloc           14%        N/A       47%         4
 Ignition                 Fire           23%        3d8       94%         8
 Summon Cactus Giant      Summ           5%         N/A       100%        6


Dungeon Overview and Level Annotations

Branches:
Dungeon (11/15)            Temple (0/1) D:4            Lair (0/5) D:9
    Orc (2/2) D:10            Elf (0/3) Orc:2

Altars:
Ashenzari
Fedhas
Qazlal
Ru
Trog
Uskayaw
Vehumet
Yredelemnul

Shops:
D:2 ?   D:5 *   D:8 !

Annotations:
D:4 2 runed translucent doors, gelatine's ghost, amateur DsHW
D:11 1 runed translucent door, Harold


Innate Abilities, Weirdness & Mutations

You are too large for most types of armour.
You have a pair of small horns on your head.
You have tough skin. (AC +1)
You gain doubled healing and magic from potions.
Whenever you drink a healing potion, you attack all around you.


Message History

A shadow comes into view.
Something hits you.
Deactivating autopickup; reactivate with Ctrl-A.
Found Great Wizards, Vol.
VII.
You regained 2 hp, and now have 61/119 hp.
The shadow slips into darkness.
The shadow flickers and vanishes!
Found a whip.
Something hits you!
The shadow strikes at you from the darkness!
* * * LOW HITPOINT WARNING * * *
Reactivating autopickup.
You see here Great Wizards, Vol.
VII.
You take 38 damage, and have 24/119 hp.
MASSIVE DAMAGE!!
You pick up Great Wizards, Vol.
VII and begin reading...
You add the spells Tukima's Dance, Passage of Golubria and Yara's Violent Unravelling to your library.
Something hits you!
* * * LOW HITPOINT WARNING * * *
Deactivating autopickup; reactivate with Ctrl-A.
The shadow misses you.
You take 9 damage, and have 15/119 hp.
Okay, then.
Unknown command.
As you read the scroll of teleportation, it crumbles to dust.
You feel strangely unstable. Something hits you but does no damage.
The shadow hits you!
* * * LOW HITPOINT WARNING * * *
You take 8 damage, and have 7/119 hp.
Okay, then.
As you read the scroll of revelation, it crumbles to dust.
You feel aware of your surroundings.
An unseen horror comes into view.
The unseen horror hits you.
* * * LOW HITPOINT WARNING * * *
The shadow misses you.
Found a stone staircase leading down.
You take 1 damage, and have 6/119 hp.
Blink to where?
Press: ? - help, Dir - move target, p - yak
As you read the scroll of blinking, it crumbles to dust.
Something hits you!
You die...

*,*,,,*,*,,*,,,,,* ####.#
*,**,,.....#.....#### ##.#
*,**,*#.####.....#### #..#
*,,,,,..################.##
****,*##################.#
*,*#########.......##Y#
*,*#########..)....##.#
*,*#########..####.##.#
**,*###....@.....##@##.#
*,,,###.#####..#....)..#
**,,...>#####.Y####.####
***#########.W.....##
##########......##
##################
##################


You could see a yak.

Vanquished Creatures
  2 two-headed ogres (D:10)
  A boulder beetle (D:11)
  Pikel (D:5)
  2 cyclopes
  An orc sorcerer (Orc:1)
  A gargoyle (D:11)
  Jeremiah (D:8)
  3 trolls
  Prince Ribbit (D:5)
  A hornet (D:8)
  A shadow (D:10)
  7 yaks
  Sigmund (D:5)
  A vampire (D:9)
  3 wyverns
  A steam dragon (D:8)
  Edmund (D:5)
  An acid dragon (D:11)
  2 water moccasins
  4 sky beasts
  2 black bears
  7 orc warriors
  An ice beast (D:7)
  An ogre (Orc:1)
  2 centaurs
  3 lemures (D:5)
  3 kobold brigands
  Blork the orc (D:5)
  5 necrophages (D:8)
  4 bullfrogs
  2 gnoll sergeants (D:7)
  5 scorpions
  5 wights (D:9)
  11 killer bees
  A bombardier beetle (D:5)
  3 jellies
  4 hounds
  Crazy Yiuf (D:2)
  2 gnoll boudas
  6 orc priests
  3 iguanas
  Jessica (D:2)
  A sleepcap (D:5)
  Natasha (thrice) (D:2)
  17 orc wizards
  A killer bee zombie (D:8)
  7 adders
  25 gnolls
  A white imp (D:7)
  2 ufetubi (D:6)
  3 dart slugs
  51 orcs
  5 ball pythons
  6 bats
  4 endoplasms
  3 giant cockroaches
  4 goblins
  6 hobgoblins
  4 jackals (D:4)
  4 quokkas
  A frilled lizard (D:1)
  6 kobolds
  5 rats
268 creatures vanquished.

Vanquished Creatures (others)
  576 foxfires
  A spectral weapon (D:9)
577 creatures vanquished.

Grand Total: 845 creatures vanquished

Notes
Turn   | Place    | Note
-------+----------+-------------------------------------------
     0 | D:1      | jasper the Oni Fire Elementalist began the quest for the
                  | Orb.
     0 | D:1      | Reached XP level 1. HP: 16/16 MP: 3/3
    24 | D:1      | Reached skill level 1 in Conjurations
   241 | D:1      | Reached XP level 2. HP: 24/24 MP: 3/5
   244 | D:1      | Learned a level 2 spell: Scorch
   843 | D:1      | Reached XP level 3. HP: 31/31 MP: 5/7
   847 | D:1      | Learned a level 3 spell: Volatile Blastmotes
  1253 | D:2      | Noticed Natasha
  1262 | D:2      | Killed Natasha
  1354 | D:2      | Reached XP level 4. HP: 39/39 MP: 5/9
  1359 | D:2      | Learned a level 4 spell: Flame Wave
  1563 | D:2      | Noticed Natasha
  1568 | D:2      | Killed Natasha
  1630 | D:2      | Found Dethulib's Magic Scroll Boutique.
  1638 | D:2      | Bought a scroll of blinking for 75 gold pieces
  1638 | D:2      | Bought a scroll of teleportation for 30 gold pieces
  1650 | D:2      | Noticed Jessica
  1656 | D:2      | Killed Jessica
  1657 | D:2      | Reached XP level 5. HP: 45/45 MP: 5/11
  1792 | D:2      | Noticed Natasha
  1799 | D:2      | Killed Natasha
  1955 | D:2      | You fall into a shaft and drop 1 floor!
  2397 | D:2      | Reached skill level 5 in Spellcasting
  2397 | D:2      | Reached XP level 6. HP: 53/53 MP: 8/13
  2401 | D:2      | Learned a level 3 spell: Swiftness
  2488 | D:2      | Found a runed translucent door.
  2489 | D:2      | Noticed Crazy Yiuf
  2496 | D:2      | Killed Crazy Yiuf
  2855 | D:3      | Found a radiant altar of Vehumet.
  2856 | D:3      | Found a broken altar of Ashenzari.
  2957 | D:3      | Became a worshipper of Vehumet
  3569 | D:4      | Reached skill level 5 in Fire Magic
  3669 | D:4      | Found a stormy altar of Qazlal.
  3826 | D:4      | Reached skill level 1 in Translocations
  3826 | D:4      | Reached XP level 7. HP: 59/59 MP: 8/15
  3897 | D:4      | Found a basalt altar of Yredelemnul.
  4437 | D:4      | Reached * piety under Vehumet
  4437 | D:4      | Offered knowledge of Kiss of Death by Vehumet.
  4670 | D:4      | Found a large runed translucent door.
  4670 | D:4      | Found a large runed translucent door.
  4671 | D:4      | Noticed gelatine's ghost (amateur DsHW)
  4759 | D:4      | Found a staircase to the Ecumenical Temple.
  4855 | D:4      | Reached skill level 1 in Fighting
  4987 | D:5      | Entered Level 5 of the Dungeon
  5126 | D:5      | Reached XP level 8. HP: 63/74 MP: 5/17
  5394 | D:5      | Noticed Sigmund
  5407 | D:5      | Killed Sigmund
  5490 | D:5      | Noticed Blork the orc
  5496 | D:5      | Killed Blork the orc
  5611 | D:5      | Noticed Edmund
  5614 | D:5      | Noticed Pikel
  5677 | D:5      | Killed Pikel
  5678 | D:5      | Reached skill level 5 in Fighting
  5678 | D:5      | Reached XP level 9. HP: 25/88 MP: 9/20
  5686 | D:5      | Killed Edmund
  6069 | D:5      | Noticed Prince Ribbit
  6084 | D:5      | Killed Prince Ribbit
  6488 | D:5      | Found Ruosyb's Overcharged Wands.
  6564 | D:6      | Learned a level 3 spell: Mephitic Cloud
  6571 | D:6      | Learned a level 4 spell: Ignite Poison
  6660 | D:6      | Reached skill level 1 in Air Magic
  6766 | D:6      | Reached ** piety under Vehumet
  6867 | D:6      | Offered knowledge of Sandblast by Vehumet.
  8085 | D:7      | Found a bloodstained altar of Trog.
  8108 | D:7      | Reached skill level 1 in Alchemy
  8350 | D:7      | Reached XP level 10. HP: 37/100 MP: 9/22
  9306 | D:8      | Noticed Jeremiah
  9317 | D:8      | Killed Jeremiah
  9490 | D:8      | Offered knowledge of Stone Arrow by Vehumet.
  9497 | D:8      | Learned a level 3 spell: Stone Arrow
  9710 | D:8      | Found a blossoming altar of Fedhas.
  9867 | D:8      | Reached *** piety under Vehumet
 10184 | D:8      | Found Nuicoar's Distillery.
 10193 | D:8      | Bought 2 potions of curing for 90 gold pieces
 10193 | D:8      | Bought a potion of curing for 45 gold pieces
 10193 | D:8      | Bought 2 potions of curing for 90 gold pieces
 10193 | D:8      | Bought a potion of magic for 120 gold pieces
 10325 | D:8      | Reached skill level 1 in Earth Magic
 10383 | D:9      | Offered knowledge of Dazzling Flash by Vehumet.
 10621 | D:9      | Found a staircase to the Lair.
 11098 | D:9      | Reached skill level 5 in Conjurations
 11136 | D:9      | Found a hide-covered altar of Uskayaw.
 11178 | D:9      | Reached XP level 11. HP: 53/111 MP: 17/24
 11708 | D:10     | Entered Level 10 of the Dungeon
 11723 | D:10     | Reached **** piety under Vehumet
 11726 | D:10     | Offered knowledge of Lee's Rapid Deconstruction by Vehumet.
 11801 | D:10     | Noticed a two-headed ogre
 11814 | D:10     | Killed a two-headed ogre
 11989 | D:10     | Noticed a cyclops
 11994 | D:10     | Killed a cyclops
 12134 | D:10     | Found a staircase to the Orcish Mines.
 12362 | D:10     | Found a sacrificial altar of Ru.
 12636 | D:10     | Reached skill level 10 in Spellcasting
 13322 | D:11     | Noticed a cyclops
 13327 | D:11     | Killed a cyclops
 13362 | D:11     | Noticed a two-headed ogre
 13598 | D:10     | Killed a two-headed ogre
 13599 | D:10     | Reached skill level 10 in Fighting
 13681 | Orc:1    | Entered Level 1 of the Orcish Mines
 13761 | Orc:1    | Noticed an orc sorcerer
 13763 | Orc:1    | Killed an orc sorcerer
 13936 | Orc:2    | Entered Level 2 of the Orcish Mines
 14052 | D:11     | Noticed a boulder beetle
 14381 | D:11     | Noticed a cyclops
 14391 | D:11     | Found a runed translucent door.
 14391 | D:11     | Noticed a cyclops
 14394 | D:11     | Identified the ring of Nagu Kiy {Fly Dex+6}
 14394 | D:11     | Noticed a centaur warrior
 14404 | D:11     | Killed a boulder beetle
 14409 | D:11     | Noticed Harold
 14411 | D:11     | Noticed an eight-headed hydra
 14455 | D:11     | Slain by an unseen horror

Illustrated notes

Levels and vault maps discovered:
D:1:      denvon_arrival_waterhouse, layout_loops_cross, st_stairs_9
D:2:      layout_rooms, serial_shops, nicolae_diamond_shop, uniq_jessica,
          uniq_crazy_yiuf_cottage, uniq_natasha
D:3:      layout_basic, gammafunk_temple_overflow_statue,
          corexii_leaking_fountain
D:4:      black_bear_nest_2, layout_basic, mainiacjoe_overflow_surrounded_room,
          nicolae_qazlal_general_emergency, temple_doors_ab,
          ebering_ghost_disaster_area
D:5:      layout_loops_cross, nicolae_shop_overcharged_wands,
          uniq_prince_ribbit1, uniq_pikel, uniq_sigmund, uniq_edmund,
          uniq_blork_the_orc
D:6:      layout_gridville, serial_bayou_pond_e
D:7:      layout_loops_ring, lemuel_doored_altar
D:8:      layout_basic, fedhas_altar_decomposition, serial_shops, shop,
          uniq_jeremiah
D:9:      layout_loops_ring, mainiacjoe_overflow_boulevard, lair_entry_dummy,
          nicolae_two_hexagons
D:10:     layout_long_grid, nicolae_ru_path_of_blood, erik_orc_3
D:11:     layout_loops_cross, gammafunk_ghost_arena, minmay_st_funbox,
          uniq_harold
Orc:1:    layout_caves, basic_altar
Orc:2:    st_orc_mages, layout_caves, gauntlet_entry_generic

Skill      XL: |  1  2  3  4  5  6  7  8  9 10 11 |
---------------+----------------------------------+-----
Conjurations   | 1 3 6 7 |  7.9
Fire Magic     | 3 4 5 6 7 8 9 |  9.3
Spellcasting   | 3 4 5 6 7 8 9 10 | 10.7
Translocations | 1 |  1.0
Fighting       | 2 5 6 8 10 | 10.7
Air Magic      | 3 |  3.0
Alchemy        | 1 |  1.0
Earth Magic    | 3 |  3.0
Dodging        | |  1.7
Stealth        | |  1.4

Action                     |  1- 3 |  4- 6 |  7- 9 | 10-12 || total
---------------------------+-------+-------+-------+-------++-------
  Melee: Unarmed           |    19 |       |    23 |       ||    42
         Headbutt          |     2 |     2 |     3 |    20 ||    27
         Spear             |     1 |     6 |       |       ||     7
         Quarterstaff      |       |    14 |    25 |    88 ||   127
         Punch             |       |       |     1 |       ||     1
   Cast: Foxfire           |    43 |    55 |   169 |   102 ||   369
         Scorch            |     5 |    27 |    88 |    31 ||   151
         Volatile Blastmot |       |       |     8 |    10 ||    18
         Flame Wave        |       |       |       |    17 ||    17
         Mephitic Cloud    |       |       |       |    10 ||    10
         Ignite Poison     |       |       |       |     7 ||     7
         Stone Arrow       |       |       |       |    66 ||    66
         Swiftness         |       |       |       |     1 ||     1
  Evoke: Wand              |       |       |       |     1 ||     1
    Use: Scroll            |       |     7 |    10 |     8 ||    25
         Potion            |       |       |     3 |     5 ||     8
   Stab: Confused          |       |       |       |     2 ||     2
 Armour: Robe              |    32 |    35 |    60 |    83 ||   210
         Skin              |       |       |    35 |     9 ||    44
         Troll leather arm |       |       |       |    45 ||    45
  Dodge: Dodged            |    27 |    11 |    29 |   109 ||   176

Table legend: (Time is in decaauts)
 A = Elapsed time spent in this place.
 B = Non-inter-level travel time spent in this place.
 C = Inter-level travel time spent in this place.
 D = Time resting spent in this place.
 E = Time spent auto-exploring this place.
 F = Levels seen in this place.
 G = Mean time per level.
                   A        B        C        D        E       F      G
               +--------+--------+--------+--------+--------+-----+--------+
         Total |  14501 |  14016 |    485 |   1043 |  11076 |  13 | 1115.5 |
       Dungeon |  14226 |  13767 |    459 |   1043 |  10860 |  11 | 1293.3 |
  Orcish Mines |    274 |    248 |     26 |      0 |    216 |   2 |  137.0 |
               +--------+--------+--------+--------+--------+-----+--------+

Top non-repeatable levels by time:
    D:10: 1956 daAuts
     D:5: 1555 daAuts
     D:7: 1512 daAuts
     D:4: 1435 daAuts
     D:9: 1392 daAuts
     D:3: 1284 daAuts
     D:1: 1241 daAuts
     D:8: 1178 daAuts
     D:6: 1138 daAuts
     D:2: 1040 daAuts
    D:11: 491 daAuts
   Orc:1: 269 daAuts
   Orc:2: 5 daAuts
